 Dungeon Crawl Stone Soup version 0.26-a0-665-gefeb406119 (webtiles) character file.

Game seed: 15609305783410398543

750 Decritt the Firebug (level 7, 0/59 HPs)
             Began as a Purple Draconian Fire Elementalist on Oct 14, 2020.
             Was a Follower of Ashenzari.
             Slain by a wight
             ... wielding a +4 scimitar
              (7 damage)
             ... on level 6 of the Dungeon.
             The game lasted 00:24:18 (7173 turns).

Decritt the Firebug (DrFE)                          Turns: 7173, Time: 00:24:19

Health: 0/59       AC:  9    Str: 11    XL:     7   Next: 48%
Magic:  8/13       EV: 13    Int: 17    God:    Ashenzari [*.....]
Gold:   195        SH:  0    Dex: 17    Spells: 11/14 levels left

rFire    + . .     SeeInvis .   t - +1 scimitar (vamp)
rCold    . . .     Faith    .   (no shield)
rNeg     . . .     Spirit   .   (armour unavailable)
rPois    .         Reflect  .   (helmet restricted)
rElec    .         Harm     .   (no cloak)
rCorr    .         Rampage  .   s - +2 pair of gloves "Utalud" {rF+ Dex+6} (curse)
MR       +....                  (no boots)
Stlth    +++.......             p - amulet of regeneration
HPRegen  0.59/turn              c - ring of stealth
MPRegen  0.13/turn              (no ring)

@: no status effects
A: breathe power, unfitting armour, cold-blooded, AC +6
a: Breathe Dispelling Energy, Curse Item, Scrying, Renounce Religion


You were on level 6 of the Dungeon.
You worshipped Ashenzari.
Ashenzari was aware of your devotion.
You visited 1 branch of the dungeon, and saw 6 of its levels.

You collected 195 gold pieces.

Inventory:

Hand Weapons
 t - a +1 vampiric scimitar (weapon)
Armour
 s - the cursed +2 pair of gloves "Utalud" (worn) {rF+ Dex+6}
   (You found it on level 4 of the Dungeon)

   It affects your dexterity (+6).
   It protects you from fire.
   It has a curse placed upon it.
Jewellery
 c - a ring of stealth (left hand)
 p - an amulet of regeneration (around neck)
Wands
 d - a wand of polymorph (6)
Scrolls
 b - 3 scrolls of amnesia
 e - 3 scrolls of identify {unknown}
 g - 2 scrolls of teleportation
 i - a scroll of remove curse
 j - a scroll of magic mapping {unknown}
 n - a scroll of noise {unknown}
 o - 2 scrolls of enchant weapon {unknown}
 v - a scroll of fog {unknown}
 w - a scroll of enchant armour {unknown}
 y - a scroll of vulnerability {unknown}
Potions
 a - a potion of berserk rage {unknown}
 f - a potion of degeneration {unknown}
 h - a potion of resistance {unknown}
 k - a potion of flight {unknown}
 l - a potion of cancellation {unknown}
 m - a potion of haste {unknown}
 q - a potion of mutation {unknown}
 r - 2 potions of curing {unknown}
 u - a potion of heal wounds {unknown}
 x - a potion of might {unknown}
 z - a potion of lignification {unknown}


   Skills:
 * Level 4.0 Fighting
 - Level 2.0 Dodging
 - Level 1.7 Stealth
 + Level 4.1 Spellcasting
 + Level 4.4 Conjurations
 + Level 5.6 Fire Magic


You had 11 spell levels left.
You knew the following spells:

 Your Spells              Type           Power        Failure   Level
a - Conjure Flame         Conj/Fire      ###.....     6%          3

Your spell library contained the following spells:

 Spells                   Type           Power        Failure   Level
 Foxfire                  Conj/Fire      ###.         1%          1
 Inner Flame              Hex/Fire       ##......     14%         3
 Sticky Flame             Conj/Fire      ###.....     21%         4
 Fireball                 Conj/Fire      ###.......   50%         5


Dungeon Overview and Level Annotations

Branches:
Dungeon (6/15)
 Temple: D:4-7

Altars:
Ashenzari
Fedhas
Hepliaklqana
Okawaru
Sif Muna
Yredelemnul
The Shining One

Shops:
D:4 [

Annotations:
D:4 dig!


Innate Abilities, Weirdness & Mutations

You can breathe bolts of dispelling energy.
Your rich purple scales are hard. (AC +6)
You cannot fit into any form of body armour.
You are cold-blooded and may be slowed by cold attacks.


Message History

The gnoll barely misses you.
You riposte.
You hit the gnoll. You tail-slap the gnoll.
The gnoll is almost dead.
The wight hits you but does no damage. The gnoll misses you.
The gnoll hits you but does no damage.
You slash the gnoll!
You kill the gnoll!
The gnoll hits you with a cursed -1 whip.
* * * LOW HITPOINT WARNING * * *
The wight hits you from afar with a +0 halberd!
* * * LOW HITPOINT WARNING * * *
The gnoll misses you.
You are too injured to fight recklessly!
You are too injured to fight recklessly!
You are too injured to fight recklessly!
You are too injured to fight recklessly!
Unknown command.
The gnoll closely misses you. The wight closely misses you.
The wight hits you with a +4 scimitar!
You die...

......#.##..#####ggz#
#...#(#### ....#...#
......##'## ##'##.#
........##.####....### #.##.##
......#....# #.#....###.##..#
.....###... #.#........)...#
......##..#####.#z....#####..#
....#......<.##.#zg...########
....#..#......#zgz.#......#
.......##.......@#.#..)...#
....#..##.......##.#......#
....#........############.##
....###......# #
#######...###### ##.##
##.....# ##..§.§.#...#.○.○.
#.### ##.##.#
A#._..†.'...'...._
#<..####....#
##..§.§.#...#.°.○.
####....>.##.# #
#######...###### .#
######....############.##


You could see 4 wights and 2 gnolls.

Vanquished Creatures
  An ice beast (D:5)
  Blork the orc (D:5)
  A scorpion (D:5)
  A bullfrog zombie (D:5)
  An iguana (D:6)
  Natasha (twice) (D:2)
  4 worker ants
  A killer bee zombie (D:6)
  A hound zombie (D:5)
  A howler monkey zombie (D:5)
  Robin (D:4)
  7 adders
  6 gnolls
  2 white imps
  An ufetubus (D:5)
  3 oozes
  2 worms (D:2)
  A dart slug (D:1)
  A leopard gecko (D:3)
  An orc (D:3)
  A ball python (D:2)
  14 bats
  4 giant cockroaches
  19 goblins
  12 hobgoblins
  19 jackals
  2 quokkas (D:4)
  6 frilled lizards
  8 kobolds
  A leopard gecko skeleton (D:5)
  9 rats
134 creatures vanquished.

Vanquished Creatures (others)
  163 foxfires
163 creatures vanquished.

Grand Total: 297 creatures vanquished

Notes
Turn   | Place    | Note
-------+----------+-------------------------------------------
     0 | D:1      | Decritt the Draconian Fire Elementalist began the quest for
                  | the Orb.
     0 | D:1      | Reached XP level 1. HP: 14/14 MP: 3/3
   313 | D:1      | Reached skill level 1 in Fighting
   313 | D:1      | Reached XP level 2. HP: 23/23 MP: 0/5
   386 | D:1      | You fall into a shaft and drop 1 floor!
  1343 | D:1      | Reached XP level 3. HP: 29/29 MP: 6/6
  2153 | D:2      | Reached XP level 4. HP: 35/37 MP: 7/7
  2177 | D:2      | Noticed Natasha
  2178 | D:2      | Found a hazy altar of Hepliaklqana.
  2195 | D:2      | Killed Natasha
  2971 | D:2      | Noticed Natasha
  2981 | D:2      | Killed Natasha
  2981 | D:2      | Reached XP level 5. HP: 32/45 MP: 9/9
  3875 | D:3      | Reached skill level 4 in Fire Magic
  4739 | D:4      | Reached XP level 6. HP: 51/51 MP: 6/10
  4820 | D:4      | Found Vona's Antique Armour Shoppe.
  4867 | D:4      | Got a pair of faintly glowing gloves
  4872 | D:4      | Identified the +2 pair of gloves "Utalud" {rF+ Dex+6} (You
                  | found it on level 4 of the Dungeon)
  5026 | D:4      | Learned a level 3 spell: Conjure Flame
  5100 | D:4      | Noticed Robin
  5204 | D:4      | Killed Robin
  5356 | D:4      | Found a broken altar of Ashenzari.
  5357 | D:4      | Found a blossoming altar of Fedhas.
  5597 | D:5      | Entered Level 5 of the Dungeon
  5597 | D:5      | Noticed Blork the orc
  5617 | D:5      | Killed Blork the orc
  5735 | D:5      | Found a broken altar of Ashenzari.
  5871 | D:5      | Became a worshipper of Ashenzari the Shackled
  6147 | D:5      | Reached skill level 5 in Fire Magic
  6192 | D:5      | Noticed an ice beast
  6206 | D:5      | Killed an ice beast
  6206 | D:5      | Your scales start taking on a rich purple colour.
  6206 | D:5      | Reached XP level 7. HP: 57/57 MP: 12/12
  6741 | D:6      | Found an iron altar of Okawaru.
  6873 | D:6      | Found a shimmering blue altar of Sif Muna.
  7004 | D:6      | Reached * piety under Ashenzari
  7014 | D:6      | Found a basalt altar of Yredelemnul.
  7039 | D:6      | Found a glowing golden altar of the Shining One.
  7041 | D:6      | Noticed an angel
  7051 | D:6      | Noticed a profane servitor
  7094 | D:6      | Found a glowing golden altar of the Shining One.
  7173 | D:6      | Slain by a wight

Illustrated notes

Levels and vault maps discovered:
D:1:      scummos_arrival_star, layout_basic
D:2:      minmay_diamond_boxcup, layout_basic, old_standard_altar,
          kennysheep_generic_room_14, uniq_natasha
D:3:      layout_basic
D:4:      layout_basic, nicolae_overflow_hidden_temple, serial_shops, shop,
          uniq_robin
D:5:      layout_basic, serial_corexii_hall, corexii_hall_statues_i,
          corexii_hall_statues_deadend, nicolae_ashenzari_panopticon,
          uniq_blork_the_orc
D:6:      layout_rooms, grunt_temple_overflow_holy_war, led_sif_book,
          basic_altar, nrook_uturn, kennysheep_okawaru_gauntlet

Skill      XL: |  1  2  3  4  5  6  7 |
---------------+----------------------+-----
Fighting       | 1 2 3 4 |  4.0
Conjurations   | 2 4 |  4.4
Fire Magic     | 4 5 |  5.6
Spellcasting   | 3 4 |  4.1
Dodging        | 2 |  2.0
Stealth        | |  1.7

Action                   |  1- 3 |  4- 6 |  7- 9 || total
-------------------------+-------+-------+-------++-------
Melee: Short sword       |    28 |       |       ||    28
       Mace              |    74 |    50 |       ||   124
       Tailslap          |     8 |    24 |    14 ||    46
       Scimitar          |       |    88 |    56 ||   144
 Cast: Foxfire           |    36 |    63 |       ||    99
       Conjure Flame     |       |     4 |     2 ||     6
Invok: Curse Item        |       |     1 |       ||     1
 Abil: Breathe Dispellin |       |       |     1 ||     1
  Use: Scroll            |       |     7 |       ||     7
 Stab: Sleeping          |     9 |     9 |     2 ||    20
Armor: Skin              |    64 |    92 |    27 ||   183
Dodge: Dodged            |   129 |   128 |    66 ||   323
Block: Buckler           |       |     4 |       ||     4
       Rpst.: Scimitar   |       |    22 |    17 ||    39

Table legend: (Time is in decaauts)
 A = Elapsed time spent in this place.
 B = Non-inter-level travel time spent in this place.
 C = Inter-level travel time spent in this place.
 D = Time resting spent in this place.
 E = Time spent auto-exploring this place.
 F = Levels seen in this place.
 G = Mean time per level.
                   A        B        C        D        E       F      G
               +--------+--------+--------+--------+--------+-----+--------+
         Total |   7292 |   7118 |    174 |    659 |   5138 |   6 | 1215.3 |
       Dungeon |   7292 |   7118 |    174 |    659 |   5138 |   6 | 1215.3 |
               +--------+--------+--------+--------+--------+-----+--------+

Top non-repeatable levels by time:
     D:2: 1938 daAuts
     D:1: 1546 daAuts
     D:3: 1336 daAuts
     D:5: 1164 daAuts
     D:4: 839 daAuts
     D:6: 466 daAuts
